 Dungeon Crawl Stone Soup version 0.27-a0-681-g0c81a3c1c3 (webtiles) character file.

Game seed: 9060234383420733238

784 robertstho the Chiller (level 7, -2/37 HPs)
             Began as a Deep Elf Ice Elementalist on Mar 19, 2021.
             Was a Follower of Sif Muna.
             Killed from afar by Ijyb (11 damage)
             ... with a bolt of acid
             ... on level 5 of the Dungeon.
             The game lasted 00:08:00 (5193 turns).

robertstho the Chiller (Deep Elf Ice Elementalist)  Turns: 5193, Time: 00:08:01

Health: -2/37      AC:  6    Str:  5    XL:     7   Next: 55%
Magic:  18/18      EV: 12    Int: 22    God:    Sif Muna [*.....]
Gold:   81         SH:  0    Dex: 15    Spells: 3/18 levels left

rFire    . . .     SeeInvis .   f - +2 dagger (speed)
rCold    . . .     Faith    .   (no shield)
rNeg     . . .     Spirit   .   n - +0 troll leather armour
rPois    .         Reflect  .   v - +2 helmet
rElec    .         Harm     .   (no cloak)
rCorr    .         Rampage  .   e - +2 pair of gloves {Stlth+}
Will     .....                  (no boots)
Stlth    +++.......             (no amulet)
HPRegen  1.12/turn              (no ring)
MPRegen  0.16/turn              (no ring)

@: corroded
A: no striking features
a: Renounce Religion, Channel Magic


You were on level 5 of the Dungeon.
You worshipped Sif Muna.
Sif Muna was aware of your devotion.
You visited 1 branch of the dungeon, and saw 5 of its levels.

You collected 317 gold pieces.
You spent 236 gold pieces at shops.

Inventory:

Hand Weapons
 f - a +2 dagger of speed (weapon)
 u - a +0 vorpal great sword
Armour
 e - a +2 pair of gloves of stealth (worn)
 g - a +0 buckler
 n - a +0 troll leather armour (worn)
 v - a +2 helmet (worn)
Jewellery
 c - an amulet of the acrobat
 h - a ring of poison resistance
Wands
 m - a wand of iceblast (4)
Scrolls
 p - 2 scrolls of blinking {unknown}
 q - a scroll of vulnerability {unknown}
 r - 2 scrolls of brand weapon
Potions
 a - a potion of heal wounds
 b - 3 potions of mutation
 d - 2 potions of curing {unknown}
 k - 2 potions of resistance {unknown}
 l - a potion of invisibility {unknown}
 s - a potion of flight {unknown}
 t - a potion of haste


   Skills:
 + Level 0.7 Fighting
 + Level 2.3 Short Blades
 + Level 1.7 Armour
 + Level 3.0 Dodging
 + Level 4.1 Stealth
 + Level 6.2 Spellcasting
 + Level 6.5 Ice Magic
 * Level 3.1 Invocations


You had 3 spell levels left.
You knew the following spells:

 Your Spells              Type           Power      Damage    Failure   Level
a - Freeze                Ice            100%       1d11      1%          1
b - Frozen Ramparts       Ice            70%        1d9       3%          3
c - Ozocubu's Armour      Ice            35%        N/A       3%          3
d - Hailstorm             Conj/Ice       21%        3d6       36%         4
e - Summon Ice Beast      Ice/Summ       21%        N/A       36%         4

Your spell library contained the following spells:

 Spells                   Type           Power      Damage    Failure   Level
 Magic Dart               Conj           24%        1d4       14%         1
 Pain                     Necr           24%        1d5       14%         1
 Searing Ray              Conj           12%        3d3       22%         2
 Confusing Touch          Hex            6%         N/A       41%         3
 Dazzling Flash           Conj/Hex       12%        N/A       41%         3
 Gell's Gravitas          Tloc           3%         N/A       41%         3
 Metabolic Englaciation   Hex/Ice        10%        N/A       71%         5
 Fulminant Prism          Conj/Hex       3%         3d6       82%         4
 Iskenderun's Mystic Bla  Conj/Tloc      6%         2d4       82%         4
 Petrify                  Tmut/Erth      6%         N/A       82%         4
 Yara's Violent Unravell  Hex/Tmut       3%         3d4       99%         5


Dungeon Overview and Level Annotations

Branches:
Dungeon (5/15)
 Temple: D:4-7

Altars:
Hepliaklqana
Kikubaaqudgha
Makhleb
Nemelex Xobeh
Okawaru
Sif Muna
Vehumet
Yredelemnul

Shops:
D:5 [

Annotations:
D:5 Ijyb


Message History

Casting: Freeze (safe; 1% risk of failure)
Confirm with . or Enter, or press ? or * to list all spells.
Casting: Frozen Ramparts (dangerous; 3% risk of failure)
Press: ? - help, Dir - look around, f - activate The walls around you are covered in ice.
The wall freezes the centaur.
The centaur hits you.
You hit the centaur.
The centaur is severely wounded.
The wall freezes the centaur.
The centaur hits you but does no damage.
You hit the centaur.
The centaur is severely wounded.
The wall freezes the centaur.
You kill the centaur!
Sif Muna accepts your kill.
No target in view!
No target in view!
The frozen ramparts melt away.
You see here a +0 robe.
Things that are here:
a +0 shortbow; 28 arrows; a centaur corpse
Found 20 poisoned darts.
You see here 20 poisoned darts.
You now have 81 gold pieces (gained 6).
h - a ring of poison resistance Ijyb the Twisted Goblin comes into view.
She is wielding a +0 club and carrying a wand of acid (9).
Ijyb shouts!
Ijyb is nearby!
Ijyb is nearby!
Ijyb is nearby!
A jackal zombie comes into view.
Found a metal-bound book and 8 gold pieces.
Found a stone staircase leading down.
Ijyb hits you but does no damage.
You barely miss Ijyb.
Ijyb zaps a wand.
The bolt of acid hits you! The acid corrodes you!
You are splashed with acid!!
* * * LOW HITPOINT WARNING * * *
Unknown command.
Ijyb zaps a wand.
The bolt of acid hits you!
You die...

.# ######...
.......## .#
#.$.>...# .#
#......Z# ##
#.......#
#.......#
#.....g.####
#.....$....#
#...@.:....#
#.##.###...##
#.##.........
#............
####.........
##.##...##
#.# ...# ##.#
..# ###
####..# ##


You could see Ijyb and a jackal zombie (wandering).

Vanquished Creatures
  An ogre (D:4)
  2 centaurs (D:5)
  2 scorpions
  2 hounds (D:4)
  A bullfrog skeleton (D:2)
  An iguana (D:4)
  2 orc wizards
  Natasha (thrice) (D:3)
  2 worker ants (D:5)
  Robin (D:3)
  7 adders
  3 worms
  2 dart slugs (D:4)
  5 orcs
  8 bats
  4 giant cockroaches
  9 goblins
  11 hobgoblins
  6 jackals
  7 kobolds
  4 frilled lizards
  A jackal zombie (D:5)
  4 rats (D:3)
  A spectral hobgoblin (D:2)
  A spectral orc (D:3)
90 creatures vanquished.

Vanquished Creatures (collateral kills)
  A hound (D:5)
1 creature vanquished.

Grand Total: 91 creatures vanquished

Notes
Turn   | Place    | Note
-------+----------+-------------------------------------------
     0 | D:1      | robertstho the Deep Elf Ice Elementalist began the quest
                  | for the Orb.
     0 | D:1      | Reached XP level 1. HP: 10/10 MP: 6/6
   677 | D:1      | Reached XP level 2. HP: 10/15 MP: 6/8
   978 | D:1      | Found an iron altar of Okawaru.
  1201 | D:2      | Reached skill level 5 in Ice Magic
  1379 | D:2      | Reached XP level 3. HP: 16/19 MP: 9/9
  1383 | D:2      | Learned a level 3 spell: Frozen Ramparts
  1387 | D:2      | Learned a level 3 spell: Ozocubu's Armour
  1702 | D:2      | Found a radiant altar of Vehumet.
  1702 | D:2      | Found an ancient bone altar of Kikubaaqudgha.
  1720 | D:2      | Reached XP level 4. HP: 8/24 MP: 6/11
  1928 | D:2      | Found a shimmering blue altar of Sif Muna.
  1936 | D:2      | Became a worshipper of Sif Muna the Loreminder
  1943 | D:2      | Identified Kikubaaqudgha's Catalogue of Dark Magic
  2382 | D:2      | Found a hazy altar of Hepliaklqana.
  2503 | D:3      | Found a burning altar of Makhleb.
  2540 | D:3      | Reached XP level 5. HP: 28/28 MP: 7/13
  2722 | D:3      | Found a basalt altar of Yredelemnul.
  2803 | D:3      | Noticed a balrug
  2807 | D:3      | Noticed a ynoxinul
  2807 | D:3      | Noticed an orange demon
  2849 | D:3      | Reached skill level 1 in Short Blades
  2849 | D:3      | Reached skill level 1 in Invocations
  2883 | D:3      | Noticed Natasha
  2899 | D:3      | Killed Natasha
  3027 | D:3      | Reached * piety under Sif Muna
  3159 | D:3      | Noticed Natasha
  3167 | D:3      | Killed Natasha
  3168 | D:3      | Reached skill level 5 in Spellcasting
  3295 | D:3      | Noticed Robin
  3299 | D:3      | Reached XP level 6. HP: 32/32 MP: 8/15
  3303 | D:3      | Killed Robin
  3477 | D:3      | Noticed Natasha
  3486 | D:3      | Killed Natasha
  3669 | D:4      | Found a sparkling altar of Nemelex Xobeh.
  4113 | D:4      | Learned a level 4 spell: Hailstorm
  4118 | D:4      | Learned a level 4 spell: Summon Ice Beast
  4133 | D:4      | Reached skill level 1 in Armour
  4420 | D:4      | Reached XP level 7. HP: 37/37 MP: 13/17
  4711 | D:5      | Entered Level 5 of the Dungeon
  5014 | D:5      | Found Uwon's Armour Emporium.
  5019 | D:5      | Bought a +2 pair of gloves of stealth for 236 gold pieces
  5188 | D:5      | Noticed Ijyb
  5193 | D:5      | Killed from afar by Ijyb

Illustrated notes

Levels and vault maps discovered:
D:1:      scummos_arrival_simple_fountains, layout_loops_ring,
          okawaru_ov_weapons_minmay
D:2:      layout_basic, grunt_temple_overflow_magic_moments,
          nicolae_hepliaklqana_monster_ancestors
D:3:      layout_loops_ring, yredelemnul_forgotten_temple_becter,
          makhleb_altar_promises_db, uniq_robin, uniq_natasha
D:4:      layout_cave_pods, lemuel_round_altar
D:5:      layout_loops_ring, nicolae_ru_the_path_less_chosen, serial_shops,
          shop, uniq_ijyb, uniq_menkaure

Skill      XL: |  1  2  3  4  5  6  7 |
---------------+----------------------+-----
Ice Magic      | 5 6 |  6.5
Stealth        | 3 4 |  4.1
Spellcasting   | 4 5 6 |  6.2
Short Blades   | 1 2 |  2.3
Invocations    | 1 2 3 |  3.1
Armour         | 1 |  1.7
Dodging        | 3 |  3.0
Fighting       | |  0.7

Action                   |  1- 3 |  4- 6 |  7- 9 || total
-------------------------+-------+-------+-------++-------
Melee: Dagger            |    30 |    86 |    27 ||   143
       Unarmed           |     3 |       |       ||     3
 Cast: Freeze            |    20 |     7 |     3 ||    30
       Ozocubu's Armour  |     1 |     1 |       ||     2
       Frozen Ramparts   |       |    23 |     5 ||    28
       Summon Ice Beast  |       |     1 |     1 ||     2
Evoke: Wand              |       |     1 |       ||     1
  Use: Scroll            |       |       |     8 ||     8
 Stab: Sleeping          |     4 |     2 |     4 ||    10
Armor: Robe              |     8 |     3 |       ||    11
       Troll leather arm |       |    23 |     6 ||    29
Dodge: Dodged            |    19 |    51 |    19 ||    89

Table legend: (Time is in decaauts)
 A = Elapsed time spent in this place.
 B = Non-inter-level travel time spent in this place.
 C = Inter-level travel time spent in this place.
 D = Time resting spent in this place.
 E = Time spent auto-exploring this place.
 F = Levels seen in this place.
 G = Mean time per level.
                   A        B        C        D        E       F      G
               +--------+--------+--------+--------+--------+-----+--------+
         Total |   5139 |   5020 |    119 |    205 |   4172 |   5 | 1027.8 |
       Dungeon |   5139 |   5020 |    119 |    205 |   4172 |   5 | 1027.8 |
               +--------+--------+--------+--------+--------+-----+--------+

Top non-repeatable levels by time:
     D:2: 1293 daAuts
     D:1: 1196 daAuts
     D:3: 1151 daAuts
     D:4: 1024 daAuts
     D:5: 474 daAuts
